 Dungeon Crawl Stone Soup version 0.31-a0-1068-g5939ac1fb6 (webtiles) character file.

Game seed: 18366433304799527315

213 Maratek the Trooper (level 5, -1/42 HPs)
             Began as a Demonspawn Fighter on Nov 24, 2023.
             Was a Follower of Qazlal.
             Slain by a gnoll
             ... wielding a +0 flail
             ... led by a gnoll bouda
              (4 damage)
             ... on level 4 of the Dungeon.
             The game lasted 00:03:06 (1516 turns).

Maratek the Trooper (Demonspawn Fighter)            Turns: 1516, Time: 00:03:06

Health: -1/42      AC:  8    Str: 16    XL:     5   Next: 59%
Magic:  5/5        EV:  9    Int: 10    God:    Qazlal [*.....]
Gold:   14         SH:  1    Dex: 14    Spells: 4/4 levels left

rFire   . . .        a - +1 long sword
rCold   + . .        (no shield)
rNeg    . . .        b - +0 scale mail
rPois   .            (helmet restricted)
rElec   .            (no cloak)
rCorr   .            l - +0 pair of gloves
SInv    .            (no boots)
Will    .....        h - amulet of regeneration Stlth
                     n - ring of protection from cold
HPRegen 1.07/turn    (no ring)
MPRegen 0.09/turn

%: no passive effects
@: no status effects
A: horns 1, demonic touch 2
a: Renounce Religion


You were on level 4 of the Dungeon.
You worshipped Qazlal.
Qazlal was aware of your devotion.
You visited 1 branch of the dungeon, and saw 4 of its levels.

You collected 108 gold pieces.
You spent 94 gold pieces at shops.

Inventory:

Hand Weapons
 a - a +1 long sword (weapon)
Armour
 b - a +0 scale mail (worn)
 l - a +0 pair of gloves (worn)
Jewellery
 h - an amulet of regeneration (around neck)
 n - a ring of protection from cold (left hand)
Scrolls
 f - a scroll of amnesia
 i - a scroll of fog
 j - a scroll of revelation
 o - a scroll of poison {unknown}
 p - a scroll of noise {unknown}
Potions
 c - a potion of degeneration {unknown}
 d - 3 potions of might
 e - a potion of curing {unknown}
 g - 2 potions of lignification {unknown}
 k - a potion of enlightenment {unknown}
 m - a potion of berserk rage {unknown}


   Skills:
 + Level 4.0 Fighting
 + Level 3.0 Long Blades
 + Level 3.7 Armour
 + Level 3.7 Shields


You had 4 spell levels left.
You didn't know any spells.
Your spell library contained the following spells:

 Spells                   Type           Power      Damage    Failure   Level
 Lesser Beckoning         Tloc           0%         N/A       89%         2
 Gell's Gravitas          Tloc           0%         N/A       98%         3
 Teleport Other           Tloc           0%         N/A       98%         3


Dungeon Overview and Level Annotations

Branches:
Dungeon (4/15)
 Temple: D:4-7

Altars:
Kikubaaqudgha
Qazlal
Trog

Shops:
D:1 ?   D:3 (!=[


Innate Abilities, Weirdness & Mutations

You have a pair of small horns on your head.
Your touch may inflict irresistible damage on your foes.


Message History

Unknown command.
You barely miss the gnoll.
The gnoll is lightly wounded.
The gnoll hits you but does no damage.
The gnoll hits you from afar with a +0 spear.
The gnoll hits you but does no damage. The gnoll closely misses you.
The gnoll hits you with a +0 flail!
You are too injured to fight recklessly!
Unknown command.
Unknown command.
You are too injured to fight recklessly!
Unknown command.
You are too injured to fight recklessly!
The gnoll barely misses you. The gnoll attacks as it pursues you!
The gnoll hits you with a +0 whip of flaming.
* * * LOW HITPOINT WARNING * * *
The gnoll burns you.
* * * LOW HITPOINT WARNING * * *
The gnoll closely misses you.
You are too injured to fight recklessly!
You are too injured to fight recklessly!
You closely miss the gnoll.
You touch the gnoll!
The gnoll is severely wounded.
The gnoll hits you with a +0 whip of flaming.
* * * LOW HITPOINT WARNING * * *
The gnoll burns you.
* * * LOW HITPOINT WARNING * * *
The gnoll hits you from afar with a +0 spear.
* * * LOW HITPOINT WARNING * * *
The gnoll hits you but does no damage. x2; The gnoll barely misses you.
You hit the gnoll but do no damage.
The gnoll is severely wounded.
Your attacks no longer feel as feeble.
The gnoll hits you but does no damage. The gnoll closely misses you.
The gnoll hits you but does no damage. The gnoll barely misses you.
You hit the gnoll.
You kill the gnoll!
Qazlal accepts your kill.
The gnoll is no longer moving quickly.
The gnoll hits you with a +0 flail.
You die...

...######.. ..
........... .. ........#
.. #.!.....# ..
#.......# .. #.†)....#
.. #.g)g...# ..
#)......# ## ##@g....#
.## # # #.○.....# ....##
#. #......... #...
#.#+#'######### ###.
###.............. #.
...............## #>
.#............... ##
#............#######
#..................#####


You could see 3 gnolls.

Vanquished Creatures
  A scorpion (D:4)
  A gnoll bouda (D:4)
  An iguana (D:4)
  Robin (D:3)
  2 gnolls (D:4)
  2 adders (D:3)
  4 ball pythons
  4 bats
  2 endoplasms
  3 giant cockroaches
  10 goblins
  6 hobgoblins
  5 jackals (D:1)
  3 quokkas (D:3)
  2 frilled lizards
  7 kobolds
  4 rats
58 creatures vanquished.

Notes
Turn   | Place    | Note
-------+----------+-------------------------------------------
     0 | D:1      | Maratek the Demonspawn Fighter began the quest for the Orb.
     0 | D:1      | Reached XP level 1. HP: 18/18 MP: 1/1
   102 | D:1      | Discovered your monstrous ancestry.
   102 | D:1      | Gained mutation: You have a pair of small horns on your
                  | head. [demonic ancestry]
   102 | D:1      | Reached XP level 2. HP: 24/24 MP: 2/2
   446 | D:1      | Gained mutation: Your touch may inflict minor irresistible
                  | damage on your foes. [demonic ancestry]
   446 | D:1      | Reached XP level 3. HP: 28/29 MP: 3/3
   556 | D:1      | Found Reexig's Magic Scroll Emporium.
   607 | D:2      | You fall into a shaft and drop 1 floor!
   636 | D:3      | Found Remeusm's Weapon Boutique.
   670 | D:3      | Found a bloodstained altar of Trog.
   671 | D:3      | Found a stormy altar of Qazlal.
   713 | D:3      | Became a worshipper of Qazlal Stormbringer
   845 | D:3      | Found an ancient bone altar of Kikubaaqudgha.
   909 | D:3      | Found Birem's Jewellery Shop.
   913 | D:3      | Found Naitalag's Distillery.
   990 | D:3      | Found Ityot's Antique Armour Shop.
   998 | D:3      | Bought a pair of gloves for 94 gold pieces
  1159 | D:3      | Noticed Robin
  1175 | D:3      | Reached XP level 4. HP: 35/35 MP: 4/4
  1186 | D:3      | Killed Robin
  1414 | D:4      | Noticed a scorpion
  1418 | D:4      | Killed a scorpion
  1418 | D:4      | Reached * piety under Qazlal
  1419 | D:4      | Gained mutation: Your touch may inflict irresistible damage
                  | on your foes. [demonic ancestry]
  1419 | D:4      | Reached XP level 5. HP: 42/42 MP: 5/5
  1509 | D:4      | Reached skill level 4 in Fighting
  1514 | D:4      | HP: 1/42 [gnoll/+0 spear[a gnoll bouda] (6)]
  1516 | D:4      | Slain by a gnoll

Illustrated notes

Levels and vault maps discovered:
D:1:      enne_arrival_octagon_isle, layout_loops_ring, serial_shops,
          nicolae_lakefront_shop, st_stairs_6, minmay_ruptured
D:2:      layout_rooms, serial_shops, nicolae_shop_dealshenge
D:3:      layout_basic, marbit_many_paths, lemuel_tele_altar,
          mainiacjoe_overflow_concentric_impassable, serial_shops,
          nicolae_shop_advertising_works [nicolae_subvault_shop_adworks],
          nicolae_shop_tiny_statue_garden, shop, shop,
          kennysheep_generic_room_15, uniq_robin
D:4:      layout_basic

Skill      XL: |  1  2  3  4  5 |
---------------+----------------+-----
Long Blades    | 2 3 |  3.0
Shields        | 3 |  3.7
Armour         | 3 |  3.7
Fighting       | 4 |  4.0

Action                     |  1- 3 |  4- 6 || total
---------------------------+-------+-------++-------
  Melee: Long sword        |   103 |    31 ||   134
         Headbutt          |    12 |     2 ||    14
         Touch             |     7 |     6 ||    13
         Punch             |       |     1 ||     1
    Use: Scroll            |     4 |       ||     4
 Armour: Scale mail        |    83 |    39 ||   122
  Dodge: Dodged            |    58 |    22 ||    80
  Block: Buckler           |    33 |       ||    33

Table legend: (Time is in decaauts)
 A = Elapsed time spent in this place.
 B = Non-inter-level travel time spent in this place.
 C = Inter-level travel time spent in this place.
 D = Time resting spent in this place.
 E = Time spent auto-exploring this place.
 F = Levels seen in this place.
 G = Mean time per level.
                   A        B        C        D        E       F      G
               +--------+--------+--------+--------+--------+-----+--------+
         Total |   1556 |   1472 |     84 |      0 |   1127 |   4 |  389.0 |
       Dungeon |   1556 |   1472 |     84 |      0 |   1127 |   4 |  389.0 |
               +--------+--------+--------+--------+--------+-----+--------+

Top non-repeatable levels by time:
     D:3: 818 daAuts
     D:1: 626 daAuts
     D:4: 106 daAuts
     D:2: 4 daAuts
